 Dungeon Crawl Stone Soup version 0.28.0 (webtiles) character file.

Game seed: 13520117304489390258

328 theElss the Skirmisher (level 6, -5/39 HPs)
             Began as a Gargoyle Berserker on Feb 16, 2022.
             Was a Priest of Trog.
             Slain by a gnoll (11 damage)
             ... on level 4 of the Dungeon.
             The game lasted 00:09:54 (4535 turns).

theElss the Skirmisher (Gargoyle Berserker)         Turns: 4535, Time: 00:09:55

Health: -5/39      AC:  6    Str: 26    XL:     6   Next: 50%
Magic:  6/6        EV: 12    Int:  4    God:    Trog [***...]
Gold:   29         SH:  0    Dex: 11    Spells: 5/5 levels left

rFire   . . .      SeeInvis .   a - +0 mace
rCold   + . .      Faith    +   (no shield)
rNeg    + + .      Spirit   .   b - +0 animal skin
rPois   ∞          Reflect  .   (no helmet)
rElec   +          Harm     .   (no cloak)
rCorr   .          Rampage  .   (no gloves)
Will    ++...                   (no boots)
Stlth   +.........              h - amulet of faith
HPRegen 1.13/turn               n - ring "Jeifatanol" {+Blink rC+ rN+ Str+6 Int-4}
MPRegen 0.10/turn               (no ring)

@: strong-willed, on berserk cooldown, regenerating, hasted and slowed
A: sickness immunity, AC +4, negative energy resistance 1, electricity
resistance, torment resistance 1, petrification resistance
a: Renounce Religion, Evoke Blink, Berserk, Trog's Hand


You were on level 4 of the Dungeon.
You worshipped Trog.
Trog was most pleased with you.
You visited 1 branch of the dungeon, and saw 4 of its levels.

You collected 113 gold pieces.
You spent 84 gold pieces at shops.

Inventory:

Hand Weapons
 a - a +0 mace (weapon)
Missiles
 o - 2 throwing nets (quivered)
Armour
 b - a +0 animal skin (worn)
Jewellery
 f - an amulet of guardian spirit
 h - an amulet of faith (around neck)
 n - the ring "Jeifatanol" (left hand) {+Blink rC+ rN+ Str+6 Int-4}
   (You found it on level 3 of the Dungeon)

   [ring of strength]

   Str:       It affects your strength (+6).
   Int:       It affects your intelligence (-4).
   rC:        It protects you from cold.
   rN:        It protects you from negative energy.
   +Blink:    It lets you blink.
 r - a +6 ring of intelligence
Scrolls
 c - a scroll of blinking {unknown}
 e - a scroll of summoning {unknown}
 g - 2 scrolls of amnesia {unknown}
 i - a scroll of magic mapping {unknown}
 j - 5 scrolls of identify
 l - 2 scrolls of fog {unknown}
 m - a scroll of brand weapon {unknown}
 p - a scroll of immolation {unknown}
 q - a scroll of holy word {unknown}
Potions
 d - 2 potions of cancellation
 k - 2 potions of haste
 s - a potion of curing {unknown}
 t - a potion of ambrosia {unknown}


   Skills:
 + Level 4.7 Fighting
 + Level 4.3 Maces & Flails
 + Level 4.1 Armour
 + Level 3.0 Dodging


You had 5 spell levels left.
You didn't know any spells.
Your spell library was empty.

Dungeon Overview and Level Annotations

Branches:
Dungeon (4/15)
 Temple: D:4-7

Altars:
Kikubaaqudgha
Nemelex Xobeh
Qazlal
Trog
Yredelemnul
The Shining One

Shops:
D:3 [   D:4 ?


Innate Abilities, Weirdness & Mutations

You are immune to sickness and miasma.
Your stone body is resilient. (AC +4)
You are immune to poison.
You resist negative energy. (rN+)
You are resistant to electric shocks. (rElec)
You are resistant to unholy torment.
You are immune to petrification.


Message History

You feel yourself slow down. The gnoll barely misses you. The gnoll misses you.
The gnoll closely misses you. The gnoll closely misses you.
Your skin crawls.
You feel strong-willed. The gnoll closely misses you.
The gnoll hits you but does no damage.
Unknown command.
You barely miss the gnoll. The gnoll barely misses you.
The gnoll hits you but does no damage. The gnoll misses you.
The gnoll closely misses you.
You hit the gnoll.
The gnoll is heavily wounded.
The gnoll barely misses you.
The gnoll hits you from afar with a +0 spear.
The gnoll misses you. x2
You sock the gnoll!
The gnoll is heavily wounded.
The gnoll barely misses you. The gnoll closely misses you.
The gnoll hits you but does no damage.
The gnoll hits you from afar with a +0 spear.
You barely miss the gnoll.
The gnoll is heavily wounded.
The gnoll hits you with a +0 club. The gnoll hits you with a +0 flail.
The gnoll misses you. The gnoll hits you with a +0 club.
* * * LOW HITPOINT WARNING * * *
The gnoll hits you with a +0 flail.
* * * LOW HITPOINT WARNING * * *
You hit the gnoll but do no damage.
The gnoll is heavily wounded.
The gnoll barely misses you. The gnoll misses you.
The gnoll hits you with a +0 flail.
* * * LOW HITPOINT WARNING * * *
The gnoll hits you from afar with a +0 spear.
* * * LOW HITPOINT WARNING * * *
The gnoll closely misses you. The gnoll barely misses you.
You feel yourself speed up. The gnoll barely misses you.
The gnoll hits you with a +0 club.
* * * LOW HITPOINT WARNING * * *
The gnoll hits you with a +0 flail!
You die...

##########'###...#.
#............##'###
#..................
#..................
#..................
##+###.............
#...'.............
#...#.......######
#@g.######+## #g###
#)g.##... #........
#........ #...##...
#...# .. #.... .
#.....


You could see 3 gnolls.

Vanquished Creatures
  An orc priest (D:4)
  A hound (D:4)
  A gnoll shaman (D:4)
  Jessica (D:3)
  A hound skeleton (D:4)
  2 gnolls (D:4)
  6 adders
  8 worms
  3 dart slugs
  6 orcs
  11 endoplasms
  2 giant cockroaches (D:2)
  5 goblins
  10 hobgoblins
  3 quokkas
  8 ball pythons
  A ball python zombie (D:3)
  9 bats
  3 frilled lizards
  10 kobolds
  5 rats
97 creatures vanquished.

Vanquished Creatures (others)
  7 toadstools (D:1)
7 creatures vanquished.

Grand Total: 104 creatures vanquished

Notes
Turn   | Place    | Note
-------+----------+-------------------------------------------
     0 | D:1      | theElss the Gargoyle Berserker began the quest for the Orb.
     0 | D:1      | Reached XP level 1. HP: 14/14 MP: 1/1
   167 | D:1      | Reached XP level 2. HP: 17/19 MP: 2/2
   447 | D:1      | Reached XP level 3. HP: 23/23 MP: 3/3
  1042 | D:2      | Reached ** piety under Trog
  1353 | D:2      | Reached XP level 4. HP: 15/29 MP: 4/4
  1730 | D:2      | Found a stormy altar of Qazlal.
  2289 | D:3      | Noticed a moth of wrath
  2321 | D:3      | Found a basalt altar of Yredelemnul.
  2499 | D:3      | Reached XP level 5. HP: 26/33 MP: 5/5
  2572 | D:3      | Found Uriwn's Armour Boutique.
  2670 | D:3      | Noticed Jessica
  2687 | D:3      | Killed Jessica
  2687 | D:3      | Reached *** piety under Trog
  3280 | D:3      | Found a faded altar of an unknown god.
  3281 | D:3      | Identified the ring "Jeifatanol" {+Blink rC+ rN+ Str+6
                  | Int-4}
  3365 | D:3      | Found an ancient bone altar of Kikubaaqudgha.
  3365 | D:3      | Found a sparkling altar of Nemelex Xobeh.
  3512 | D:3      | Found a bloodstained altar of Trog.
  3658 | D:4      | Reached XP level 6. HP: 23/39 MP: 6/6
  3752 | D:4      | Found a glowing golden altar of the Shining One.
  3837 | D:4      | Found Bausch's Magic Scroll Emporium.
  4081 | D:4      | Bought 3 scrolls of identify for 84 gold pieces
  4535 | D:4      | Slain by a gnoll

Illustrated notes

Levels and vault maps discovered:
D:1:      nagdon_arrival_zigzag_paths, layout_loops_ring
D:2:      layout_loops_ring, basic_altar
D:3:      minmay_evil_eye, layout_rooms, tgw_trog, old_standard_altar,
          gammafunk_temple_overflow_wave, serial_shops, shop,
          ebering_ecumenical_altar_hall, serial_curves, eino_curves_04,
          eino_curves_01, kennysheep_generic_room_7, uniq_jessica
D:4:      layout_gridville, tso_metal_star, serial_shops,
          nicolae_inconvenience_store

Skill      XL: |  1  2  3  4  5  6 |
---------------+-------------------+-----
Dodging        | 2 3 |  3.0
Armour         | 3 4 |  4.1
Fighting       | 4 |  4.7
Maces & Flails | 4 |  4.3

Action                   |  1- 3 |  4- 6 || total
-------------------------+-------+-------++-------
Melee: Mace              |    94 |   206 ||   300
       Punch             |       |     6 ||     6
Invok: Berserk           |     1 |     3 ||     4
       Trog's Hand       |       |     2 ||     2
  Use: Scroll            |       |     2 ||     2
       Potion            |       |     1 ||     1
 Stab: Sleeping          |     1 |       ||     1
Armor: Animal skin       |    34 |    68 ||   102
Dodge: Dodged            |    89 |   149 ||   238
